Map: Jungle ardente

Players

Isszul

  • Race: Zerg Zerg
  • League: Diamond
  • Spawn Location: 7:00

Kira

  • Race: Zerg Zerg
  • League: Gold
  • Spawn Location: 6:00

Nothing - Winner!

  • Race: Terran Terran
  • Spawn Location: 1:00

LuNe - Winner!

  • Race: Terran Terran
  • League: Diamond
  • Spawn Location: 12:00

VOD

Have the link to the VOD?

Description

Time

  • Played on: Feb. 12, 2016, 12:31 p.m.
  • Length: 21:40
Show
View Real Time Build Order
Export as new Build Order

Isszul Zerg 

Build Orders: Hatch First 

Get SALT Encoding   

  12  0:00  Drone  
  13  0:12  Overlord  
  13  0:17  Drone  
  14  0:30  Drone x2  
  14  0:35  Drone  
  17  0:54  Hatchery  
  17  0:56  Drone  
  17  1:02  Drone  
  18  1:04  Extractor  
  18  1:09  Drone  
  18  1:19  Spawning Pool  
  18  1:20  Drone  
  18  1:28  Drone  
  19  1:40  Drone  
  20  1:49  Drone  
  21  2:02  Drone  
  21  2:06  Queen x2  
  21  2:07  Zergling x2  
  27  2:10  Metabolic Boost  
  27  2:12  Drone  
  28  2:25  Overlord  
  28  2:30  Overlord  
  28  2:38  Extractor  
  28  2:39  Zergling x2  
  29  2:49  Queen  
  29  2:50  Overlord  
  31  2:59  Queen  
  31  3:03  Drone x3  
  31  3:04  Drone x2  
  38  3:07  Drone  
  39  3:15  Drone x2  
  39  3:19  Drone  
  42  3:23  Drone x2  
  44  3:29  Drone x2  
  46  3:37  Drone  
  46  3:38  Drone  
  48  3:52  Drone  
  48  3:53  Drone  
  49  4:10  Evolution Chamber, Drone  
  49  4:11  Evolution Chamber  
  49  4:12  Roach Warren  
  47  4:17  Drone x4  
  50  4:29  Lair  
  50  4:31  Extractor  
  50  4:33  Extractor  
  50  4:35  Overlord x4  
  48  4:41  Overlord x2  
  48  4:43  Pneumatized Carapace  
  48  4:47  Overlord  
  48  4:48  Overlord  
  48  4:49  Hatchery  
  48  4:51  Zerg Missile Weapons Level 1  
  47  4:58  Zergling x16  
  55  5:21  Zerg Ground Armor Level 1  
  55  5:35  Roach x7  
  69  5:57  Infestation Pit  
  68  6:09  Drone x7  
  68  6:10  Drone x5  
  80  6:11  Glial Reconstitution  
  80  6:14  Overseer  
  80  6:16  Roach  
  82  6:46  Pathogen Glands  
  82  6:47  Roach  
  82  6:48  Roach x3  
  82  6:49  Overlord x3  
  82  6:53  Extractor  
  89  6:56  Extractor  
  89  6:57  Extractor  
  87  7:05  Ravager  
  88  7:12  Overseer  
  88  7:14  Roach x2  
  88  7:15  Roach  
  94  7:17  Zergling x20  
  94  7:18  Hatchery  
  94  7:21  Overseer  
  103  7:32  Roach x3  
  109  7:47  Zergling x14  
  116  7:53  Zergling x6  
  116  7:57  Roach  
  121  8:00  Ravager  
  121  8:01  Ravager x2  
  121  8:02  Ravager  
  121  8:03  Zergling x4  
  124  8:09  Hatchery  
  122  8:15  Zergling x8  
  122  8:16  Zergling x6, Baneling Nest  
  125  8:30  Roach  
  125  8:31  Roach x4  
  133  8:36  Roach  
  134  8:48  Roach  
  130  8:49  Roach x6  
  130  8:54  Hive  
  142  8:56  Drone  
  142  8:58  Overlord x4  
  143  9:09  Overlord x2  
  143  9:10  Overlord  
  140  9:21  Roach x5  
  138  9:25  Ravager  
  138  9:27  Ravager  
  140  9:33  Roach  
  140  9:34  Roach x7  
  140  9:36  Ravager  
  157  9:38  Ravager  
  157  9:41  Zergling x4  
  159  9:54  Roach  
  159  9:55  Roach x8  
  169  10:05  Zergling x8  
  164  10:09  Drone  
  164  10:10  Drone  
  164  10:13  Queen  
  168  10:24  Zerg Missile Weapons Level 2  
  168  10:48  Drone x4  
  168  10:49  Drone x12  
  184  11:08  Spine Crawler  
  164  11:18  Roach  
  164  11:19  Roach x7  
  122  11:35  Zergling x22  
  89  11:51  Queen  
  91  11:59  Roach  
  91  12:00  Roach x2  
  89  12:09  Roach  
  89  12:10  Roach  
  88  12:23  Ravager x10  
  88  12:24  Ravager x2  
  100  12:32  Roach x4  
  106  12:37  Extractor  
  106  12:38  Spore Crawler  
  106  12:42  Spine Crawler  
  93  13:00  Roach x2  
  93  13:01  Roach x4  
  105  13:08  Overlord  
  105  13:09  Overlord  
  105  13:11  Roach  
  83  13:30  Zergling x18  
  77  13:37  Zergling x6  
  80  13:52  Zergling x14  
  84  13:58  Roach  
  75  14:04  Roach  
  75  14:05  Roach  
  77  14:10  Roach  
  77  14:11  Roach  
  81  14:20  Ravager x5  
  81  14:21  Ravager x2  
  88  14:31  Queen  
  86  14:35  Zergling x6  
  91  14:44  Infestor x2  
  95  15:04  Roach  
  95  15:05  Roach x3  
  100  15:22  Roach  
  100  15:23  Roach x2  
  100  15:27  Roach  
  108  15:35  Roach  
  87  15:46  Ravager x8  
  95  15:53  Infestor  
  97  16:07  Infestor  
  97  16:26  Roach x4  
  103  16:39  Infestor x2  
  97  16:55  Roach x3  
  99  17:28  Zergling x16  
  90  17:46  Roach x2  
  94  17:58  Roach x2  
  84  18:17  Roach x3  
  78  18:21  Zergling x2  
  74  18:49  Hatchery  
  73  19:02  Roach x2  
  77  19:11  Infestor  
  79  19:21  Roach x2  
  83  19:40  Roach x3  
  72  19:50  Roach x2  
  73  20:01  Roach  
  75  20:09  Ravager x5  
  80  20:17  Zergling x4  
  82  20:24  Roach  
  58  20:47  Roach  
  58  20:48  Roach x2  
  46  20:59  Roach x2  
  46  21:04  Roach  
Show
View Real Time Build Order
Export as new Build Order

Kira Zerg 

Build Orders: Hatch First 

Get SALT Encoding   

  12  0:01  Drone  
  13  0:12  Overlord  
  13  0:20  Drone  
  14  0:32  Drone x2  
  16  0:53  Hatchery  
  16  0:56  Drone x2  
  17  1:02  Extractor  
  16  1:18  Drone  
  17  1:20  Spawning Pool  
  17  1:23  Drone x2  
  18  1:32  Drone  
  19  1:44  Drone  
  20  2:07  Queen  
  20  2:08  Metabolic Boost  
  22  2:09  Queen  
  24  2:16  Overlord  
  24  2:19  Zergling x6  
  27  2:33  Spore Crawler  
  25  2:39  Drone  
  25  2:40  Drone  
  28  2:51  Drone x2  
  30  3:00  Drone x2  
  30  3:01  Drone  
  30  3:02  Drone  
  34  3:10  Overlord  
  34  3:30  Drone  
  34  3:31  Drone  
  37  3:34  Drone x4  
  37  3:36  Hatchery  
  39  3:44  Drone  
  39  3:45  Drone  
  41  3:49  Extractor  
  41  3:50  Drone  
  41  3:55  Evolution Chamber x2  
  40  3:56  Drone x2  
  40  3:57  Roach Warren, Drone  
  40  4:00  Drone  
  40  4:02  Drone  
  43  4:04  Drone  
  43  4:06  Extractor  
  43  4:08  Drone  
  44  4:21  Overlord x2  
  41  4:25  Overlord  
  41  4:28  Zerg Melee Weapons Level 1  
  41  4:31  Drone x2  
  43  4:39  Queen, Zerg Ground Armor Level 1  
  43  4:42  Drone x2  
  43  4:44  Drone  
  48  4:47  Drone  
  48  4:49  Drone  
  50  4:53  Lair  
  50  4:59  Roach x2  
  54  5:01  Roach  
  54  5:04  Roach  
  54  5:07  Roach  
  60  5:10  Drone x3  
  60  5:13  Overlord  
  63  5:19  Queen  
  65  5:27  Overlord x2  
  64  5:36  Ravager x3  
  66  5:51  Drone  
  66  5:52  Drone x3  
  66  5:53  Queen  
  66  5:54  Overlord  
  66  5:55  Glial Reconstitution  
  70  6:09  Roach x3  
  73  6:28  Overseer  
  73  6:32  Drone  
  73  6:33  Drone x2  
  73  6:37  Drone x2  
  73  6:38  Drone x2  
  79  6:44  Spore Crawler  
  79  6:47  Drone  
  79  6:55  Spore Crawler  
  79  7:00  Queen, Drone x2  
  82  7:04  Drone  
  82  7:07  Spore Crawler  
  82  7:11  Drone x2  
  84  7:17  Roach x3  
  84  7:19  Overlord x3  
  90  7:29  Overlord x3  
  90  7:41  Roach x10  
  110  7:47  Roach x3  
  110  8:16  Roach  
  110  8:17  Roach x6  
  124  8:32  Roach x2  
  122  8:49  Zergling x18  
  113  9:02  Hatchery  
  108  9:08  Drone x5  
  112  9:29  Extractor x2  
  110  9:35  Hatchery  
  109  9:39  Zergling x2  
  109  9:40  Zergling x16  
  58  10:23  Drone  
  58  10:24  Drone x3  
  44  10:29  Queen  
  44  10:32  Drone x4  
  44  10:33  Queen  
  52  10:42  Spire  
  51  10:55  Drone x10  
  61  11:01  Overlord  
  61  11:02  Overlord  
  61  11:03  Drone x2  
  63  11:08  Drone  
  64  11:12  Extractor  
  64  11:13  Spore Crawler  
  64  11:15  Spine Crawler  
  64  11:17  Drone x4  
  65  11:37  Zergling x14  
  65  11:38  Zergling x10  
  76  11:55  Zerg Flyer Armor Level 1  
  76  11:57  Mutalisk  
  76  11:58  Mutalisk x6  
  90  12:02  Overseer  
  90  12:03  Zergling x2  
  90  12:04  Zergling x14  
  98  12:10  Evolution Chamber  
  98  12:14  Evolution Chamber  
  96  12:16  Drone  
  96  12:17  Mutalisk, Drone  
  96  12:18  Infestation Pit  
  96  12:20  Zergling x12  
  96  12:21  Zergling x10  
  110  12:24  Baneling Nest  
  110  12:26  Mutalisk  
  111  12:41  Mutalisk x2  
  115  12:51  Mutalisk  
  111  12:52  Mutalisk  
  111  12:57  Drone x12  
  127  13:03  Zerg Melee Weapons Level 2  
  127  13:14  Baneling x5  
  127  13:15  Baneling x2  
  127  13:18  Zergling x2  
  127  13:19  Zergling x16  
  136  13:23  Centrifical Hooks  
  136  13:40  Zergling x18  
  145  13:44  Hatchery  
  145  13:48  Zergling x8  
  132  13:51  Baneling x7  
  132  13:52  Baneling  
  129  13:58  Baneling x3  
  129  13:59  Baneling x3  
  129  14:08  Zergling x2  
  129  14:09  Zergling x18  
  126  14:27  Mutalisk x6  
  115  14:47  Mutalisk x3  
  110  14:55  Hive  
  110  15:04  Zergling x20  
  120  15:08  Zergling x6  
  120  15:10  Hatchery  
  120  15:12  Pneumatized Carapace  
  122  15:15  Drone x2  
  122  15:19  Drone x3  
  122  15:20  Drone  
  124  15:31  Zergling x16  
  126  15:38  Baneling  
  126  15:39  Baneling x5  
  125  15:43  Zerg Flyer Weapons Level 1  
  125  15:45  Zergling x2  
  125  15:46  Zergling x4  
  125  15:49  Overlord  
  128  15:57  Overseer  
  117  16:21  Zergling x2  
  110  16:27  Zergling x6  
  110  16:28  Zergling x32  
  110  16:32  Drone x2  
  129  16:33  Queen  
  119  16:43  Zerg Melee Weapons Level 3  
  119  16:46  Adrenal Glands  
  118  16:54  Baneling x3  
  118  16:55  Baneling x5  
  118  17:08  Corruptor x2  
  122  17:18  Baneling x2  
  122  17:21  Baneling x3  
  122  17:29  Zergling x2  
  102  17:30  Zergling x6  
  104  17:50  Zergling x6  
  104  17:51  Zergling x4  
  108  17:56  Zergling x2  
  108  17:57  Zergling x2  
  105  18:24  Corruptor x3  
  97  18:45  Extractor  
  97  18:47  Extractor, Corruptor x4  
  103  18:53  Baneling  
  103  18:54  Baneling x2  
  103  19:08  Mutalisk x3  
  103  19:09  Mutalisk  
  104  19:23  Spore Crawler  
  95  19:35  Corruptor x2  
  93  19:40  Corruptor  
  93  19:44  Zergling x2  
  93  19:45  Zergling x6  
  75  20:46  Mutalisk x7  
Show
View Real Time Build Order
Export as new Build Order

Nothing Terran - Winner!

Build Orders: MMM Bio 

Get SALT Encoding   

  12  0:01  SCV  
  13  0:13  SCV  
  14  0:22  Supply Depot  
  14  0:26  SCV  
  15  0:43  SCV  
  15  0:44  Barracks  
  16  0:55  SCV, Supply Depot  
  17  1:07  SCV  
  18  1:22  SCV  
  19  1:34  Bunker  
  19  1:35  Marine  
  20  1:45  Command Center, Orbital Command  
  20  1:53  Marine  
  21  1:59  Barracks  
  21  2:13  SCV  
  22  2:18  Barracks, Refinery  
  22  2:19  Marine  
  23  2:27  Refinery  
  23  2:37  SCV, Marine  
  23  2:38  Bunker  
  25  2:48  Engineering Bay  
  25  2:49  SCV  
  27  2:59  Marine  
  27  3:02  SCV, Orbital Command  
  28  3:08  Barracks Tech Lab  
  28  3:14  SCV  
  28  3:19  Missile Turret  
  29  3:26  SCV  
  30  3:27  Combat Shields  
  30  3:29  Marine  
  30  3:32  SCV  
  32  3:39  SCV  
  33  3:43  Factory  
  33  3:44  Marine  
  33  3:45  Marine  
  34  3:57  Marine  
  34  3:59  SCV  
  34  4:00  SCV  
  34  4:01  Marine  
  38  4:03  Marine  
  39  4:15  Marine  
  40  4:24  Marine  
  40  4:25  SCV x2, Marine  
  40  4:30  Factory Reactor  
  40  4:31  Starport  
  44  4:34  Terran Infantry Weapons Level 1  
  44  4:37  SCV  
  44  4:38  Missile Turret  
  45  4:44  Refinery  
  45  4:47  Supply Depot  
  45  4:48  SCV  
  46  5:02  Supply Depot  
  46  5:05  Barracks Reactor  
  46  5:07  Barracks Reactor  
  46  5:08  SCV  
  46  5:09  Stimpack, Marauder  
  49  5:16  Factory Tech Lab  
  49  5:20  SCV  
  49  5:21  Supply Depot  
  50  5:25  Medivac  
  50  5:26  Supply Depot  
  50  5:27  Supply Depot  
  52  5:28  SCV  
  52  5:32  Marauder  
  52  5:35  Supply Depot  
  55  5:37  SCV  
  55  5:41  Siege Tank  
  55  5:42  Refinery  
  59  5:45  SCV  
  60  6:02  Marine x4  
  60  6:03  Marauder  
  66  6:11  Medivac  
  66  6:13  Siege Tank  
  66  6:17  Barracks  
  71  6:20  Barracks  
  71  6:24  Marauder  
  73  6:37  Marine x2  
  75  6:43  SCV x2  
  75  6:44  Command Center  
  75  6:45  Marauder  
  79  6:55  SCV x2  
  79  7:00  Liberator, Marine  
  79  7:01  Marine x3  
  83  7:07  SCV x2  
  87  7:11  Barracks Tech Lab x2  
  87  7:13  Terran Infantry Armor Level 1  
  87  7:16  Missile Turret  
  87  7:17  Armory  
  90  7:24  Marine x2  
  90  7:25  Marauder  
  94  7:56  SCV x2, Marauder x2, Marine x5  
  94  7:58  Barracks, Supply Depot  
  105  7:59  Concussive Shells  
  94  8:13  Marine x5  
  94  8:17  Marine  
  99  8:28  Marine  
  99  8:31  Marine x2  
  99  8:32  Marauder  
  97  8:37  Liberator  
  97  8:39  Marine x2  
  97  8:40  Marauder  
  98  8:41  Liberator  
  98  8:42  Planetary Fortress  
  98  8:43  SCV x2  
  98  8:46  Marine  
  91  8:49  Marine x2  
  91  8:52  Barracks Reactor  
  91  8:53  Siege Tank, Marauder  
  101  8:57  Marine  
  101  9:01  Marauder  
  107  9:07  Marauder  
  109  9:22  Marine x3  
  109  9:23  Marauder, Marine x2  
  111  9:28  Marauder  
  110  9:38  Marine  
  110  9:39  Marine  
  110  9:40  Marine x2  
  110  9:41  Marauder  
  110  9:42  Terran Infantry Weapons Level 2, Supply Depot  
  110  9:44  Marauder, Supply Depot  
  118  9:49  Marauder  
  101  10:06  Marine x5  
  101  10:07  Marine  
  103  10:12  Marine x3  
  83  10:23  Medivac x2  
  83  10:24  SCV x2  
  83  10:25  SCV  
  87  10:30  Marauder  
  87  10:32  Marine x3  
  87  10:33  Marauder x2  
  96  10:36  SCV x2  
  98  10:44  SCV  
  98  10:48  SCV  
  100  10:51  Command Center  
  100  10:52  Liberator x2  
  100  10:53  Supply Depot  
  106  11:11  Marine x2  
  106  11:12  Marine x2  
  102  11:28  Marauder, Marine x3  
  85  11:35  Liberator  
  85  11:36  Marauder, Marine x2  
  85  11:37  Marine  
  86  11:43  Marine  
  86  11:45  Marine  
  86  11:46  Marauder, Marine  
  91  11:49  SCV x3  
  91  11:50  Marauder  
  99  12:01  Marine x5  
  93  12:10  Marine x2  
  93  12:12  Marauder x2  
  99  12:24  Marine x4  
  99  12:25  Marauder  
  105  12:32  Marine x2  
  105  12:33  Terran Infantry Armor Level 2, Marauder  
  105  12:34  Marauder  
  111  12:50  Marauder, Marine x2  
  111  12:51  Marine x2  
  117  12:55  Medivac, Marauder x2  
  123  13:01  Marine x2  
  120  13:09  Medivac  
  120  13:12  Marauder  
  124  13:13  Marine x2  
  124  13:14  Marine x2  
  124  13:16  Marine  
  129  13:22  Missile Turret  
  117  13:30  Marine  
  117  13:31  Marine x3  
  113  13:43  Missile Turret  
  87  13:49  Marine x3  
  87  13:50  Marine x6  
  90  14:04  SCV x3  
  90  14:07  Marine  
  90  14:08  Marauder  
  82  14:11  Marine x4  
  82  14:16  Marine x2  
  84  14:20  Marine  
  85  14:28  Marine  
  85  14:29  Marine x2  
  76  14:49  Marine x3  
  76  14:50  Marine x2  
  81  14:57  Missile Turret  
  81  15:01  SCV  
  83  15:11  Marine  
  83  15:12  Marauder x2, Marine x2  
  89  15:24  Marine  
  89  15:25  Marauder, Marine x2  
  94  15:29  Marine  
  94  15:33  Marine  
  94  15:34  Marine x3  
  99  15:42  Marine  
  99  15:47  Marine  
  99  15:48  Marine x3  
  104  15:51  Marine  
  105  15:57  Marine x3  
  105  16:00  Marine  
  109  16:04  Orbital Command  
  109  16:05  Marine  
  109  16:06  Marauder  
  111  16:16  Missile Turret  
  79  16:20  Marine x2  
  79  16:21  Marine x4  
  67  16:30  Marine x2  
  62  16:37  Marine  
  62  16:38  Marine  
  62  16:39  Marine x3  
  62  16:40  Marauder, Marine  
  64  16:48  Marine x2  
  64  16:51  Medivac x2  
  70  16:54  SCV  
  70  16:55  SCV, Marine  
  70  16:56  Marine  
  70  16:57  Marine  
  70  16:58  Marine x2  
  78  17:05  Marine  
  78  17:06  Marine x2  
  78  17:07  Marauder  
  82  17:13  Siege Tank, Marine  
  86  17:16  Terran Infantry Weapons Level 3  
  86  17:18  Liberator  
  86  17:21  Liberator  
  86  17:26  Marine  
  86  17:27  Marine x6  
  86  17:28  Marine  
  69  17:33  Marine  
  69  17:44  Marine x2  
  69  17:45  Marine  
  72  17:52  Marine  
  72  17:57  Marine x4  
  72  17:58  Marauder  
  77  18:02  Marine x2  
  68  18:06  Marine  
  68  18:10  Marine  
  65  18:14  Marine  
  65  18:15  Marauder, Marine  
  64  18:22  Marine x3  
  64  18:23  Marine  
  65  18:27  Marine  
  65  18:28  Marine  
  65  18:32  Marine x2  
  69  18:37  Marauder  
  69  18:41  Medivac x2  
  75  18:42  Marine x4  
  75  18:45  Marine  
  80  18:53  Marine x3  
  83  18:58  Marauder  
  83  19:00  Marine  
  83  19:01  Marauder  
  83  19:02  Marine x2  
  90  19:03  Marine  
  90  19:05  Refinery x2  
  90  19:09  Refinery  
  91  19:11  Marine x3  
  94  19:17  Marine  
  95  19:26  Marine x4  
  95  19:27  Marauder  
  101  19:42  Marine x2  
  101  19:43  Marine x3  
  106  19:49  Marine x4  
  108  20:00  Marine x3  
  108  20:03  Marine x2  
  108  20:04  Medivac  
  108  20:05  Medivac  
  117  20:27  Supply Depot  
  117  20:30  Marauder, Supply Depot, Marine x6  
  117  20:31  Marine x2  
  111  20:48  Marine x3  
  111  20:49  Marine  
  104  20:53  Supply Depot, Marine x4  
  104  20:54  Marauder  
  102  21:05  Marine x2  
  102  21:06  Marauder, Marine  
  102  21:11  Marine x3  
  108  21:12  Marauder  
  108  21:15  Marine  
Show
View Real Time Build Order
Export as new Build Order

LuNe Terran - Winner!

Build Orders: Bio Tank 

Get SALT Encoding   

  12  0:00  SCV  
  13  0:12  SCV  
  14  0:17  Supply Depot  
  14  0:24  SCV  
  15  0:39  SCV  
  15  0:40  Barracks  
  16  0:45  Refinery  
  16  0:51  SCV  
  17  1:03  SCV  
  18  1:15  SCV  
  19  1:29  Reaper  
  21  1:37  Command Center  
  20  1:43  Orbital Command  
  20  1:53  Supply Depot  
  20  2:02  Marine  
  21  2:09  Factory  
  21  2:11  SCV  
  22  2:17  Refinery  
  22  2:28  Barracks Reactor  
  22  2:30  SCV  
  23  2:42  SCV  
  24  2:54  SCV  
  24  2:59  Orbital Command  
  24  3:00  Starport  
  24  3:07  Widow Mine, Marine x2  
  24  3:09  SCV  
  29  3:14  Bunker  
  29  3:22  SCV  
  30  3:27  SCV, Supply Depot  
  30  3:28  Marine x2  
  33  3:35  SCV  
  33  3:38  Factory Tech Lab  
  33  3:39  SCV, Medivac  
  37  3:51  SCV  
  37  3:52  Orbital Command  
  37  3:54  Marine x2  
  40  3:56  Siege Tank  
  43  4:06  Supply Depot  
  43  4:16  Marine x2  
  45  4:26  SCV x2  
  47  4:38  SCV x2  
  49  4:40  Starport Reactor  
  49  4:42  Barracks  
  49  4:44  Engineering Bay, Barracks  
  51  4:46  Siege Tank, Barracks Tech Lab  
  52  4:59  SCV x2  
  54  5:04  Supply Depot  
  54  5:09  Marine  
  54  5:11  SCV x2, Stimpack  
  57  5:25  Starport Reactor  
  57  5:31  Marine x2  
  59  5:38  Marine  
  59  5:39  Siege Tank  
  59  5:42  SCV x2  
  65  5:46  Command Center, Supply Depot  
  65  5:47  Missile Turret  
  65  5:48  Missile Turret, Marine  
  66  5:51  Marine  
  66  5:55  Marine  
  68  6:05  SCV x2  
  68  6:07  Supply Depot, Marine  
  71  6:13  Siege Tank  
  71  6:17  SCV x2  
  76  6:25  Marine x2  
  76  6:29  SCV  
  76  6:31  Refinery x2  
  78  6:33  Supply Depot  
  78  6:37  SCV  
  79  6:44  Barracks  
  79  6:45  Barracks, Marine x3  
  79  6:46  Siege Tank  
  76  6:51  SCV x2  
  78  6:58  Orbital Command  
  78  7:01  Engineering Bay  
  78  7:02  Missile Turret  
  78  7:04  Missile Turret  
  78  7:05  Missile Turret  
  78  7:07  Missile Turret  
  78  7:10  Medivac x2  
  78  7:14  SCV x2  
  84  7:20  Siege Tank  
  87  7:24  Marine x4  
  91  7:32  Barracks Tech Lab  
  91  7:33  Barracks Reactor  
  91  7:35  SCV x2  
  91  7:36  SCV  
  94  7:43  Medivac  
  96  7:47  SCV x2  
  98  7:54  SCV  
  98  7:55  Marine x3  
  98  7:56  Marauder x2, Marine  
  107  7:59  SCV  
  108  8:13  Marine  
  108  8:19  Armory  
  109  8:20  Engineering Bay  
  109  8:23  Combat Shields  
  109  8:40  Marine  
  109  8:42  Marine  
  109  9:00  Marine  
  109  9:01  Marine x2  
  109  9:11  Supply Depot  
  109  9:12  Supply Depot x2  
  109  9:15  Supply Depot  
  109  9:16  Marine  
  109  9:17  SCV  
  109  9:18  SCV  
  109  9:25  Ghost Academy  
  109  9:28  Terran Infantry Weapons Level 1  
  109  9:30  Terran Infantry Armor Level 1  
  109  9:32  Siege Tank, Medivac, Marine x3  
  109  9:33  Marine x4  
  109  9:34  Marine  
  121  9:50  Marine x3  
  124  9:55  Barracks  
  124  9:57  Barracks  
  117  10:00  Barracks  
  113  10:12  Marine x3  
  113  10:13  Marauder, Marine x3  
  113  10:14  SCV x2, Marauder  
  119  10:22  Siege Tank  
  122  10:30  Marine  
  122  10:31  Personal Cloaking  
  122  10:34  Command Center  
  122  10:35  Command Center  
  123  10:42  Marine x5  
  122  10:49  Supply Depot  
  123  10:50  Supply Depot x2  
  123  10:58  Marine  
  123  10:59  Barracks Reactor, Barracks Tech Lab x2  
  120  11:12  Liberator, Marine x3  
  110  11:28  Marine x4  
  110  11:29  Marauder x3  
  118  11:40  Marine x4  
  113  12:03  Marine  
  113  12:04  Marine x7  
  113  12:08  SCV  
  122  12:13  Marine x2  
  124  12:32  Terran Infantry Weapons Level 2  
  124  12:36  Orbital Command  
  121  12:56  Marine x5  
  115  13:12  Missile Turret  
  115  13:15  Liberator x2, Missile Turret  
  115  13:18  Orbital Command  
  106  13:27  Marine x3  
  106  13:28  Marine x4  
  106  13:33  Siege Tank  
  122  13:42  Missile Turret  
  122  13:45  Missile Turret  
  122  13:47  Marine x2  
  122  13:48  Marine x6  
  126  13:53  Terran Infantry Armor Level 2  
  121  14:03  Ghost  
  121  14:04  Ghost x2  
  121  14:05  Marine x2  
  115  14:19  Marine x3  
  112  14:28  Marine x5  
  116  14:34  Ghost  
  116  14:35  Ghost x2  
  116  14:48  Marine x5  
  116  14:49  Marine x2  
  123  14:59  Bunker  
  123  15:20  Marine x5  
  123  15:21  Missile Turret, Marine  
  116  15:22  Missile Turret  
  116  15:24  Missile Turret  
  116  15:26  Missile Turret  
  90  15:41  Marine x6  
  90  15:42  Marine x4  
  102  15:43  Marauder x2  
  102  15:47  Medivac x2  
  108  15:55  Terran Infantry Weapons Level 3  
  108  16:00  Marauder x2  
  114  16:04  Marauder x2  
  114  16:05  Marine x3  
  114  16:06  Marine x4  
  123  16:20  Medivac x2  
  123  16:21  Marine x2  
  129  16:27  Marine  
  129  16:28  Marine x2  
  122  16:36  Marine  
  122  16:37  Marine x3  
  121  16:40  Marine  
  121  16:41  Marine x2  
  122  16:52  Medivac x2  
  126  17:10  Marine x5  
  126  17:11  Marine x5  
  126  17:14  Liberator  
  126  17:15  Planetary Fortress  
  136  17:16  Liberator  
  136  17:29  Marine  
  119  17:30  Marine x6  
  132  17:41  Marine x2  
  132  17:42  Marine  
  112  17:55  Marine x3  
  112  17:56  Marine x5  
  112  18:04  Marine x3  
  107  18:14  Medivac, Marine x6  
  107  18:15  Medivac, Marine  
  108  18:24  Marine  
  108  18:25  Marine x3  
  108  18:30  Marine  
  108  18:32  Marine  
  110  18:44  Marine x8  
  110  18:45  Marauder, Marine  
  110  18:46  Siege Tank  
  110  18:47  Medivac x2  
  128  18:49  Marauder  
  130  18:57  Marine  
  130  19:01  Marine  
  130  19:02  Marine  
  133  19:03  Marauder x2  
  133  19:07  Marauder  
  131  19:17  Starport  
  131  19:18  Starport  
  131  19:20  Marine  
  131  19:21  Marine x6  
  137  19:32  Marine x3  
  137  19:39  Marine x3  
  137  19:40  Marine x3  
  143  19:51  Liberator x2  
  143  19:52  Marine x3  
  143  19:59  Marine x4  
  139  20:00  Marine  
  139  20:04  Starport Reactor, Starport Tech Lab  
  141  20:07  Marine x2  
  132  20:32  Marine x4  
  132  20:33  Marine x4  
  138  20:40  Marine x3  
  138  20:41  Marine  
  136  20:43  Starport Reactor  
  136  20:44  Viking  
  138  20:50  Marine x5  
  138  20:51  Viking x2  
  143  20:58  Ghost x2  
  143  21:00  Marine x2  
  143  21:01  Marine x2  
  151  21:08  Refinery  
  151  21:10  Refinery  
  149  21:17  Refinery  
  149  21:20  Refinery  
Tags
 
Add a new tag
Caveats
  • Supply blocks, unpowered buildings, or Contaminate may cause inaccurate times.
  • Supply counts are checked every 10 seconds.